Flyers vs Devils

Created - Monday, January 05, 2015 at 01:03

Goals
1 2 3 T
Flyers 4 1 1 6
Devils 1 0 0 1
Shots
1 2 3 T
Flyers 18 9 5 32
Devils 9 10 6 25

1st period

1. Flyers , Evgeni Malkin 25 (Kris Letang, P.K. Subban) at 0:23
2. Flyers , Kris Letang 6 (P.K. Subban, Evgeni Malkin) at 1:08 (PP)
3. Flyers , Jakub Voracek 13 (Mikko Koivu, P.K. Subban) at 4:40
4. Flyers , Mark Letestu 5 (Jack Johnson, Chris Kreider) at 12:10
5. Devils , Drew Stafford 18 (Patrik Berglund) at 15:29 (SH)

Penalties :
Tim Gleason (NJD) for Hooking (Minor) at 0:57, Jason Akeson (NJD) for Holding (Minor) at 9:50, Mark Stuart (NJD) for High sticking (Minor) at 15:00

2nd period

6. Flyers , Taylor Hall 22 (Evgeni Malkin) at 3:11

Penalties :
Mark Stuart (NJD) for Hooking (Minor) at 11:47, Evgeni Malkin (Phi) for Kneeing (Major) at 18:29

3rd period

7. Flyers , Gabriel Landeskog 13 (Slava Voynov, Jakub Voracek) at 7:14 (PP)

Penalties :
Mark Stuart (NJD) for Interference (Minor) at 6:27, Taylor Hall (Phi) for Hooking (Minor) at 15:20

Goalie Stats

Corey Crawford (Phi), 24 saves from 25 shots - (0.960), W, 23-3-4, 60:00 minutes
Jimmy Howard (NJD), 12 saves from 16 shots - (0.750), L, 13-14-5, 12:10 minutes
Thomas Greiss (NJD), 14 saves from 16 shots - (0.875), 47:50 minutes

Players Stats for Flyers

Player Name              G  A  P  +/- PIM S  H  SB GA TA FO     MP     PP MP  PK MP  
------------------------------------------------------------------------------------
Brian Strait             0  0  0   0  0   0  0  0  0  0  0/0     0:00   0:00   0:00 
Bryan Little             0  0  0   1  0   2  2  0  0  0  10/17  15:27   4:11   0:45 
Chris Kreider            0  1  1   1  0   0  2  0  2  0  0/0    13:41   0:22   0:00 
Daniel Winnik            0  0  0   0  0   0  0  0  0  1  0/0     8:47   0:00   1:08 
Dennis Seidenberg        0  0  0   0  0   0  3  1  0  1  0/0    19:06   0:00   5:21 
Evgeni Malkin            1  2  3   1  5   3  0  0  2  0  1/2    20:50   3:49   0:00 
Gabriel Landeskog        1  0  1   1  0   2  1  1  1  0  0/0    18:29   2:44   0:45 
Jack Johnson             0  1  1   1  0   4  2  0  0  3  0/0    20:42   0:00   5:21 
Jakub Voracek            1  1  2   1  0   2  1  2  1  0  0/0    17:22   2:44   0:00 
Jason Chimera            0  0  0   1  0   0  4  1  1  1  1/1    18:24   0:00   5:05 
Kris Letang              1  1  2   2  0   3  1  2  0  3  0/0    23:17   4:32   1:37 
Mark Letestu             1  0  1   1  0   3  1  0  2  2  9/16   18:24   0:00   5:05 
Mikko Koivu              0  1  1   1  0   1  0  0  1  0  7/8    19:03   2:44   1:08 
Niklas Kronwall          0  0  0   1  0   1  1  2  0  1  0/0    19:36   2:23   1:37 
P.K. Subban              0  3  3   2  0   3  0  0  0  2  0/0    21:18   4:32   0:00 
Riley Nash               0  0  0   0  0   1  1  0  0  1  4/8     7:09   0:00   0:00 
Slava Voynov             0  1  1   0  0   3  2  3  0  3  0/0    16:01   2:23   0:00 
Taylor Hall              1  0  1   1  2   4  0  0  2  0  0/0    15:24   4:11   0:00 

Players Stats for Devils

Player Name              G  A  P  +/- PIM S  H  SB GA TA FO     MP     PP MP  PK MP  
------------------------------------------------------------------------------------
Adam Burish              0  0  0  -1  0   2  1  0  0  0  0/0    12:35   0:00   0:19 
Alex Tanguay             0  0  0   0  0   1  1  1  1  0  0/0    16:07   2:51   0:19 
Brent Seabrook           0  0  0   0  0   2  4  2  1  2  0/0    26:06   4:58   4:46 
David Warsofsky          0  0  0   0  0   0  0  2  0  0  0/0    16:41   0:00   3:06 
Drew Stafford            1  0  1   0  0   2  0  0  4  1  4/7    20:15   4:07   4:59 
Grant Clitsome           0  0  0  -2  0   1  0  0  0  1  0/0    21:37   2:00   2:09 
Jamie McGinn             0  0  0  -2  0   3  1  0  3  0  0/1    16:58   4:07   1:37 
Jason Akeson             0  0  0  -2  2   0  0  0  0  0  0/0    10:13   0:00   0:00 
Jay Beagle               0  0  0  -1  0   1  0  0  2  0  1/9     9:53   0:00   0:00 
Kris Versteeg            0  0  0   0  0   0  0  2  1  0  0/0    15:19   2:51   0:00 
Mark Stuart              0  0  0  -1  6   1  2  1  0  1  0/0    22:24   4:58   1:40 
Martin Erat              0  0  0  -1  0   0  1  1  1  0  2/7    11:47   0:00   0:00 
Matt Irwin               0  0  0  -1  0   1  0  1  1  1  0/0    12:17   0:00   0:00 
Patrik Berglund          0  1  1   0  0   4  0  0  0  0  9/17   20:15   4:07   4:59 
Ryan Jones               0  0  0  -1  0   2  0  0  3  0  0/0     9:53   0:00   0:00 
Tim Gleason              0  0  0  -2  2   2  5  2  2  0  0/0    21:36   2:00   2:09 
Tyler Johnson            0  0  0  -1  0   0  0  2  3  0  4/11   17:17   2:51   1:37 
Ville Leino              0  0  0  -1  0   3  0  0  1  0  0/0    11:47   0:00   0:00 

3 Stars

1 - Kris Letang (Phi)
2 - P.K. Subban (Phi)
3 - Jakub Voracek (Phi)

Power Play

Flyers - 2 on 5 Attempt(s) - 40.00%
Devils - 0 on 2 Attempt(s) - 0.00%

Penalty Kill

Flyers - 2 on 2 Attempt(s) - 100.00% - Score 0 goal in Penalty Kill
Devils - 3 on 5 Attempt(s) - 60.00% - Score 1 goal in Penalty Kill

Team Stat

Flyers - Hits : 21 - Faceoff Wins : 32 - Blocked Shots : 12 - Penalty Minutes : 7
Devils - Hits : 15 - Faceoff Wins : 20 - Blocked Shots : 14 - Penalty Minutes : 10

Official

Referees : Unknown
Linesman : Unknown

Game Notes

Thomas Greiss enters game at 12:10 of 1st period

Finance

Level 1 -- Attendance: 6000 (100.00%) -- Ticket Income $450,000
Level 2 -- Attendance: 3311 (66.22%) -- Ticket Income $198,660
Level 3 -- Attendance: 1539 (76.95%) -- Ticket Income $53,865
Level 4 -- Attendance: 2281 (57.03%) -- Ticket Income $57,025
Luxury Box -- Attendance: 959 (95.90%) -- Ticket Income $153,440
Game was played at the Continental Airlines Arena'
Total Attendance: 14090 (78.28%)
Total Ticket Income: $912,990
Other Income: $447,365
Total Income: $1,360,355

Flyers

5 vs 5 Forward 
   Center                   Left Wing                Right Wing               Time % Phy DF OF 
 1 Bryan Little             Taylor Hall              Evgeni Malkin            36     0   0  5  
 2 Mikko Koivu              Gabriel Landeskog        Jakub Voracek            32     0   2  3  
 3 Mark Letestu             Chris Kreider            Jason Chimera            20     0   3  2  
 4 Riley Nash               Daniel Winnik            Evgeni Malkin            12     2   2  1  

5 vs 5 Defense 
   Defense                  Defense                                           Time % Phy DF OF 
 1 Kris Letang              P.K. Subban                                       35     0   2  3  
 2 Jack Johnson             Niklas Kronwall                                   35     0   2  3  
 3 Slava Voynov             Dennis Seidenberg                                 20     2   3  0  
 4 Slava Voynov             Dennis Seidenberg                                 10     1   4  0  

PowerPlay Forward 
   Center                   Left Wing                Right Wing               Time % Phy DF OF 
 1 Bryan Little             Taylor Hall              Evgeni Malkin            60     0   0  5  
 2 Mikko Koivu              Gabriel Landeskog        Jakub Voracek            40     0   0  5  

PowerPlay Defense
   Defense                  Defense                                           Time % Phy DF OF 
 1 Kris Letang              P.K. Subban                                       60     0   1  4  
 2 Slava Voynov             Niklas Kronwall                                   40     0   1  4  

Penalty Kill 4 Players Forward 
   Center                   Wing                     Time % Phy DF OF 
 1 Mark Letestu             Jason Chimera            60     0   4  1  
 2 Mikko Koivu              Daniel Winnik            40     0   5  0  

Penalty Kill 4 Players Defense
   Defense                  Defense                  Time % Phy DF OF 
 1 Jack Johnson             Dennis Seidenberg        60     0   4  1  
 2 Kris Letang              Niklas Kronwall          40     0   5  0  

Penalty Kill - 3 Players Forward 
   Forward                                           Time % Phy DF OF 
 1 Mark Letestu                                      50     0   5  0  
 2 Mikko Koivu                                       50     0   5  0  

Penalty Kill - 3 Players Defense
   Defense                  Defense                  Time % Phy DF OF 
 1 Jack Johnson             Dennis Seidenberg        60     0   5  0  
 2 Kris Letang              Niklas Kronwall          40     0   5  0  

4 vs 4 Forward 
   Center                   Wing                     Time % Phy DF OF 
 1 Evgeni Malkin            Taylor Hall              60     0   1  4  
 2 Bryan Little             Jakub Voracek            40     0   1  4  

4 vs 4 Defense
   Defense                  Defense                  Time % Phy DF OF 
 1 Kris Letang              P.K. Subban              60     1   3  1  
 2 Slava Voynov             Niklas Kronwall          40     1   3  1  

Last Minutes Offensive
   Center                   Left Wing                Right Wing               Defense                  Defense                  
   Evgeni Malkin            Taylor Hall              Jakub Voracek            Niklas Kronwall          P.K. Subban              

Last Minutes Defensive
   Center                   Left Wing                Right Wing               Defense                  Defense                  
   Mikko Koivu              Mark Letestu             Bryan Little             Jack Johnson             Niklas Kronwall          

Goaltenders
Starting : Corey Crawford           
Backup : Darcy Kuemper            

Extra Forwards
Normal : Evgeni Malkin, Taylor Hall, Jakub Voracek - PP : Chris Kreider, Mark Letestu - PK : Bryan Little
Extra Defensemen
Normal : Niklas Kronwall, Slava Voynov, Kris Letang - PP : Jack Johnson - PK : Slava Voynov, P.K. Subban
Penalty Shots
Taylor Hall, Bryan Little, Evgeni Malkin, Mikko Koivu, Gabriel Landeskog

Devils

5 vs 5 Forward 
   Center                   Left Wing                Right Wing               Time % Phy DF OF 
 1 Patrik Berglund          Drew Stafford            Jamie McGinn             35     1   2  2  
 2 Tyler Johnson            Alex Tanguay             Kris Versteeg            30     1   2  2  
 3 Martin Erat              Adam Burish              Ville Leino              22     1   2  2  
 4 Jay Beagle               Ryan Jones               Jason Akeson             13     1   2  2  

5 vs 5 Defense 
   Defense                  Defense                                           Time % Phy DF OF 
 1 Brent Seabrook           Mark Stuart                                       35     1   2  2  
 2 Tim Gleason              Grant Clitsome                                    30     1   2  2  
 3 Matt Irwin               David Warsofsky                                   22     1   2  2  
 4 Brent Seabrook           Mark Stuart                                       13     1   2  2  

PowerPlay Forward 
   Center                   Left Wing                Right Wing               Time % Phy DF OF 
 1 Patrik Berglund          Drew Stafford            Jamie McGinn             60     1   2  2  
 2 Tyler Johnson            Alex Tanguay             Kris Versteeg            40     1   2  2  

PowerPlay Defense
   Defense                  Defense                                           Time % Phy DF OF 
 1 Brent Seabrook           Mark Stuart                                       60     1   2  2  
 2 Tim Gleason              Grant Clitsome                                    40     1   2  2  

Penalty Kill 4 Players Forward 
   Center                   Wing                     Time % Phy DF OF 
 1 Drew Stafford            Patrik Berglund          60     1   2  2  
 2 Tyler Johnson            Jamie McGinn             40     1   2  2  

Penalty Kill 4 Players Defense
   Defense                  Defense                  Time % Phy DF OF 
 1 Brent Seabrook           Mark Stuart              60     1   2  2  
 2 Tim Gleason              Grant Clitsome           40     1   2  2  

Penalty Kill - 3 Players Forward 
   Forward                                           Time % Phy DF OF 
 1 Drew Stafford                                     60     1   2  2  
 2 Patrik Berglund                                   40     1   2  2  

Penalty Kill - 3 Players Defense
   Defense                  Defense                  Time % Phy DF OF 
 1 Brent Seabrook           Mark Stuart              60     1   2  2  
 2 Tim Gleason              Grant Clitsome           40     1   2  2  

4 vs 4 Forward 
   Center                   Wing                     Time % Phy DF OF 
 1 Drew Stafford            Patrik Berglund          60     1   2  2  
 2 Tyler Johnson            Jamie McGinn             40     1   2  2  

4 vs 4 Defense
   Defense                  Defense                  Time % Phy DF OF 
 1 Brent Seabrook           Mark Stuart              60     1   2  2  
 2 Tim Gleason              Grant Clitsome           40     1   2  2  

Last Minutes Offensive
   Center                   Left Wing                Right Wing               Defense                  Defense                  
   Patrik Berglund          Drew Stafford            Jamie McGinn             Brent Seabrook           Mark Stuart              

Last Minutes Defensive
   Center                   Left Wing                Right Wing               Defense                  Defense                  
   Patrik Berglund          Drew Stafford            Jamie McGinn             Brent Seabrook           Mark Stuart              

Goaltenders
Starting : Jimmy Howard             
Backup : Thomas Greiss            

Extra Forwards
Normal : Martin Erat, Jay Beagle, Adam Burish - PP : Martin Erat, Jay Beagle - PK : Adam Burish
Extra Defensemen
Normal : Matt Irwin, David Warsofsky, Tim Gleason - PP : Matt Irwin - PK : David Warsofsky, Tim Gleason
Penalty Shots
Drew Stafford, Patrik Berglund, Tyler Johnson, Jamie McGinn, Alex Tanguay

% Time on Ice - Flyers

Lines # - Real PCT - Wanted PCT - Time Play
Normal Forward
1 - 23% - 36% - 10:31
2 - 33% - 32% - 15:11
3 - 29% - 20% - 13:19
4 - 15% - 12% - 7:06
Normal Defense
1 - 38% - 35% - 17:19
2 - 34% - 35% - 15:36
3 - 20% - 20% - 9:07
4 - 9% - 10% - 4:05
PP Forward
1 - 60% - 60% - 4:11
2 - 40% - 40% - 2:44
PP Defense
1 - 66% - 60% - 4:32
2 - 34% - 40% - 2:23
PK Forward
1 - 84% - 60% - 5:50
2 - 16% - 40% - 1:08
PK Defense
1 - 77% - 60% - 5:21
2 - 23% - 40% - 1:37
PK3 Forward
1 - 0% - 50%
2 - 0% - 50%
PK3 Defense
1 - 0% - 60%
2 - 0% - 40%
44 Forward
1 - 0% - 60%
2 - 0% - 40%
44 Defense
1 - 0% - 60%
2 - 0% - 40%
Last Minute Offensive  - 0:00
Last Minute Defensive  - 0:00
Total
Forward - 60:00
Defense - 60:00

% Time on Ice - Devils

Lines # - Real PCT - Wanted PCT - Time Play
Normal Forward
1 - 25% - 35% - 11:38
2 - 28% - 30% - 12:49
3 - 26% - 22% - 11:47
4 - 21% - 13% - 9:53
Normal Defense
1 - 30% - 35% - 13:39
2 - 38% - 30% - 17:28
3 - 27% - 22% - 12:17
4 - 6% - 13% - 2:43
PP Forward
1 - 59% - 60% - 4:07
2 - 41% - 40% - 2:51
PP Defense
1 - 71% - 60% - 4:58
2 - 29% - 40% - 2:00
PK Forward
1 - 77% - 60% - 5:18
2 - 23% - 40% - 1:37
PK Defense
1 - 69% - 60% - 4:46
2 - 31% - 40% - 2:09
PK3 Forward
1 - 0% - 60%
2 - 0% - 40%
PK3 Defense
1 - 0% - 60%
2 - 0% - 40%
44 Forward
1 - 0% - 60%
2 - 0% - 40%
44 Defense
1 - 0% - 60%
2 - 0% - 40%
Last Minute Offensive  - 0:00
Last Minute Defensive  - 0:00
Total
Forward - 60:00
Defense - 60:00

Play by Play

1st period


0:01 of 1st period - Bryan Little wins face-off versus Patrik Berglund in neutral zone.
0:13 of 1st period - Slapshot by Kris Letang.
0:13 of 1st period - Deflect By Evgeni Malkin.
0:13 of 1st period - Stopped by Jimmy Howard without a rebound.
0:14 of 1st period - Bryan Little wins face-off versus Patrik Berglund in Devils zone.
0:19 of 1st period - Slapshot by Taylor Hall.
0:19 of 1st period - Stopped by Jimmy Howard with a rebound.
0:21 of 1st period - Slapshot by P.K. Subban.
0:21 of 1st period - Stopped by Jimmy Howard with a rebound.
0:23 of 1st period - Snap shot by Kris Letang.
0:23 of 1st period - Deflect By Evgeni Malkin.
0:23 of 1st period - Goal by Evgeni Malkin - Flyers : 1 - Devils : 0.
0:24 of 1st period - Mikko Koivu wins face-off versus Tyler Johnson in neutral zone.
0:42 of 1st period - Off-side.
0:43 of 1st period - Mikko Koivu wins face-off versus Tyler Johnson in neutral zone.
0:57 of 1st period - Minor Penalty to Tim Gleason for Hooking.
0:58 of 1st period - Bryan Little wins face-off versus Drew Stafford in Devils zone.
1:02 of 1st period - Wrist shot by Evgeni Malkin.
1:02 of 1st period - Shot Misses the Net.
1:04 of 1st period - Slapshot by P.K. Subban.
1:04 of 1st period - Shot Misses the Net.
1:06 of 1st period - Slapshot by Kris Letang.
1:06 of 1st period - Shot Blocked by Brent Seabrook.
1:08 of 1st period - Snap shot by Kris Letang.
1:08 of 1st period - Goal by Kris Letang - Flyers : 2 - Devils : 0.
1:09 of 1st period - Mark Letestu wins face-off versus Martin Erat in neutral zone.
1:12 of 1st period - Ville Leino is hit by Chris Kreider and loses puck.
1:23 of 1st period - David Warsofsky is hit by Slava Voynov and loses puck.
1:39 of 1st period - Wrist shot by Chris Kreider.
1:39 of 1st period - Shot Blocked by David Warsofsky.
1:52 of 1st period - Icing by Slava Voynov.
1:53 of 1st period - Mark Letestu wins face-off versus Jay Beagle in Flyers zone.
2:26 of 1st period - Snap shot by Jay Beagle.
2:26 of 1st period - Stopped by Corey Crawford without a rebound.
2:27 of 1st period - Mikko Koivu wins face-off versus Jamie McGinn in Flyers zone.
2:34 of 1st period - Kris Letang is hit by Tim Gleason and loses puck.
2:51 of 1st period - Snap shot by Jamie McGinn.
2:51 of 1st period - Shot Blocked by Kris Letang.
2:53 of 1st period - Wrist shot by Patrik Berglund.
2:53 of 1st period - Shot Misses the Net.
2:55 of 1st period - Slapshot by Drew Stafford.
2:55 of 1st period - Shot Misses the Net.
2:57 of 1st period - Backhand shot by Drew Stafford.
2:57 of 1st period - Shot Blocked by Jakub Voracek.
2:59 of 1st period - Slapshot by Grant Clitsome.
2:59 of 1st period - Deflect By Jamie McGinn.
2:59 of 1st period - Stopped by Corey Crawford without a rebound.
3:00 of 1st period - Tyler Johnson wins face-off versus Riley Nash in Flyers zone.
3:12 of 1st period - Slapshot by Niklas Kronwall.
3:12 of 1st period - Shot Blocked by Kris Versteeg.
3:14 of 1st period - Snap shot by Niklas Kronwall.
3:14 of 1st period - Deflect By Evgeni Malkin.
3:14 of 1st period - Shot Misses the Net.
3:14 of 1st period - Puck is out of play.
3:15 of 1st period - Tyler Johnson wins face-off versus Riley Nash in Devils zone.
3:20 of 1st period - Niklas Kronwall is hit by Brent Seabrook and loses puck.
3:27 of 1st period - Slapshot by Jack Johnson.
3:27 of 1st period - Stopped by Jimmy Howard without a rebound.
3:28 of 1st period - Patrik Berglund wins face-off versus Bryan Little in Devils zone.
4:40 of 1st period - Snap shot by Jakub Voracek.
4:40 of 1st period - Goal by Jakub Voracek - Flyers : 3 - Devils : 0.
4:41 of 1st period - Mark Letestu wins face-off versus Tyler Johnson in neutral zone.
4:46 of 1st period - Grant Clitsome is hit by Jack Johnson and loses puck.
4:59 of 1st period - Snap shot by Jack Johnson.
4:59 of 1st period - Shot Blocked by Tyler Johnson.
5:01 of 1st period - Slapshot by Jack Johnson.
5:01 of 1st period - Shot Blocked by Kris Versteeg.
5:05 of 1st period - Snap shot by Chris Kreider.
5:05 of 1st period - Shot Misses the Net.
5:07 of 1st period - Slapshot by Jack Johnson.
5:07 of 1st period - Deflect By Mark Letestu.
5:07 of 1st period - Stopped by Jimmy Howard with a rebound.
5:11 of 1st period - Slapshot by Chris Kreider.
5:11 of 1st period - Shot Blocked by Tyler Johnson.
5:43 of 1st period - Mark Stuart is hit by Niklas Kronwall.
5:47 of 1st period - Snap shot by Drew Stafford.
5:47 of 1st period - Shot Misses the Net.
5:49 of 1st period - Snap shot by Patrik Berglund.
5:49 of 1st period - Shot Misses the Net.
5:51 of 1st period - Snap shot by Patrik Berglund.
5:51 of 1st period - Stopped by Corey Crawford with a rebound.
5:53 of 1st period - Slapshot by Matt Irwin.
5:53 of 1st period - Deflect By Mikko Koivu.
5:53 of 1st period - Stopped by Corey Crawford with a rebound.
5:55 of 1st period - Snap shot by Jamie McGinn.
5:55 of 1st period - Shot Misses the Net.
5:57 of 1st period - Wrist shot by Patrik Berglund.
5:57 of 1st period - Stopped by Corey Crawford without a rebound.
5:58 of 1st period - Bryan Little wins face-off versus Jay Beagle in Flyers zone.
6:21 of 1st period - Wrist shot by Taylor Hall.
6:21 of 1st period - Deflect By Bryan Little.
6:21 of 1st period - Stopped by Jimmy Howard with a rebound.
6:23 of 1st period - Snap shot by P.K. Subban.
6:23 of 1st period - Shot Blocked by David Warsofsky.
6:25 of 1st period - Slapshot by Bryan Little.
6:25 of 1st period - Stopped by Jimmy Howard with a rebound.
6:27 of 1st period - Slapshot by Kris Letang.
6:27 of 1st period - Deflect By Ryan Jones.
6:27 of 1st period - Stopped by Jimmy Howard with a rebound.
6:51 of 1st period - Adam Burish is hit by Jason Chimera and loses puck.
7:42 of 1st period - Snap shot by Jakub Voracek.
7:42 of 1st period - Deflect By Matt Irwin.
7:42 of 1st period - Shot Misses the Net.
7:42 of 1st period - Puck is out of play.
7:43 of 1st period - Patrik Berglund wins face-off versus Evgeni Malkin in Devils zone.
7:50 of 1st period - Slapshot by Jamie McGinn.
7:50 of 1st period - Stopped by Corey Crawford without a rebound.
7:51 of 1st period - Patrik Berglund wins face-off versus Riley Nash in Flyers zone.
7:54 of 1st period - Slapshot by Drew Stafford.
7:54 of 1st period - Deflect By Jamie McGinn.
7:54 of 1st period - Stopped by Corey Crawford without a rebound.
7:55 of 1st period - Patrik Berglund wins face-off versus Riley Nash in Flyers zone.
7:58 of 1st period - Snap shot by Drew Stafford.
7:58 of 1st period - Shot Blocked by Niklas Kronwall.
8:53 of 1st period - Slapshot by Tyler Johnson.
8:53 of 1st period - Shot Misses the Net.
8:55 of 1st period - Snap shot by Alex Tanguay.
8:55 of 1st period - Shot Blocked by Gabriel Landeskog.
8:57 of 1st period - Snap shot by Tyler Johnson.
8:57 of 1st period - Shot Blocked by Niklas Kronwall.
8:59 of 1st period - Snap shot by Grant Clitsome.
8:59 of 1st period - Shot Misses the Net.
9:01 of 1st period - Slapshot by Tim Gleason.
9:01 of 1st period - Shot Misses the Net.
9:05 of 1st period - Slapshot by Alex Tanguay.
9:05 of 1st period - Stopped by Corey Crawford without a rebound.
9:06 of 1st period - Mark Letestu wins face-off versus Jay Beagle in Flyers zone.
9:27 of 1st period - Chris Kreider is hit by Tim Gleason and loses puck.
9:36 of 1st period - Slapshot by P.K. Subban.
9:36 of 1st period - Stopped by Jimmy Howard with a rebound.
9:38 of 1st period - Snap shot by Kris Letang.
9:38 of 1st period - Stopped by Jimmy Howard with a rebound.
9:40 of 1st period - Wrist shot by Kris Letang.
9:40 of 1st period - Shot Blocked by Tim Gleason.
9:50 of 1st period - Minor Penalty to Jason Akeson for Holding.
9:51 of 1st period - Drew Stafford wins face-off versus Bryan Little in Devils zone.
11:50 of 1st period - Penalty to Jason Akeson is over, Jason Akeson is back on ice.
12:06 of 1st period - Slapshot by Jack Johnson.
12:06 of 1st period - Stopped by Jimmy Howard with a rebound.
12:08 of 1st period - Slapshot by Jack Johnson.
12:08 of 1st period - Stopped by Jimmy Howard with a rebound.
12:10 of 1st period - Slapshot by Mark Letestu.
12:10 of 1st period - Goal by Mark Letestu - Flyers : 4 - Devils : 0.
12:10 of 1st period - Thomas Greiss enters game.
12:11 of 1st period - Mark Letestu wins face-off versus Martin Erat in neutral zone.
12:14 of 1st period - David Warsofsky is hit by Slava Voynov and loses puck.
13:09 of 1st period - Icing by Slava Voynov.
13:10 of 1st period - Jay Beagle wins face-off versus Bryan Little in Flyers zone.
13:21 of 1st period - Snap shot by Jay Beagle.
13:21 of 1st period - Shot Misses the Net.
13:49 of 1st period - Wrist shot by Tyler Johnson.
13:49 of 1st period - Deflect By Alex Tanguay.
13:49 of 1st period - Shot Misses the Net.
13:49 of 1st period - Puck is out of play.
13:50 of 1st period - Mikko Koivu wins face-off versus Tyler Johnson in Flyers zone.
13:50 of 1st period - Mikko Koivu is hit by Alex Tanguay.
14:41 of 1st period - Wrist shot by Mark Letestu.
14:41 of 1st period - Stopped by Thomas Greiss without a rebound.
14:42 of 1st period - Patrik Berglund wins face-off versus Mark Letestu in Devils zone.
14:55 of 1st period - Snap shot by Drew Stafford.
14:55 of 1st period - Shot Blocked by Slava Voynov.
15:00 of 1st period - Minor Penalty to Mark Stuart for High sticking.
15:01 of 1st period - Drew Stafford wins face-off versus Bryan Little in Devils zone.
15:29 of 1st period - Snap shot by Drew Stafford.
15:29 of 1st period - Goal by Drew Stafford - Flyers : 4 - Devils : 1.
15:30 of 1st period - Mikko Koivu wins face-off versus Drew Stafford in neutral zone.
16:27 of 1st period - Brent Seabrook is hit by Bryan Little and loses puck.
16:37 of 1st period - Slapshot by Slava Voynov.
16:37 of 1st period - Shot Misses the Net.
16:39 of 1st period - Wrist shot by Bryan Little.
16:39 of 1st period - Shot Misses the Net.
17:00 of 1st period - Penalty to Mark Stuart is over, Mark Stuart is back on ice.
17:22 of 1st period - Slapshot by Niklas Kronwall.
17:22 of 1st period - Shot Blocked by Martin Erat.
18:10 of 1st period - Slapshot by Evgeni Malkin.
18:10 of 1st period - Stopped by Thomas Greiss without a rebound.
18:11 of 1st period - Riley Nash wins face-off versus Tyler Johnson in Devils zone.
18:43 of 1st period - Wrist shot by Kris Versteeg.
18:43 of 1st period - Shot Misses the Net.
19:25 of 1st period - Mikko Koivu is hit by Tim Gleason and loses puck.
19:54 of 1st period - Snap shot by Jason Chimera.
19:54 of 1st period - Deflect By Grant Clitsome.
19:54 of 1st period - Shot Misses the Net.
19:54 of 1st period - Puck is out of play.
19:55 of 1st period - Drew Stafford wins face-off versus Mark Letestu in Devils zone.
Goals for this period are 4 for Flyers vs 1 for Devils.
Shots for this period are 18 for Flyers vs 9 for Devils.

2nd period


0:01 of 2nd period - Bryan Little wins face-off versus Patrik Berglund in neutral zone.
0:04 of 2nd period - Snap shot by Taylor Hall.
0:04 of 2nd period - Shot Blocked by Mark Stuart.
0:18 of 2nd period - Snap shot by Taylor Hall.
0:18 of 2nd period - Stopped by Thomas Greiss with a rebound.
0:56 of 2nd period - Mark Stuart is hit by Gabriel Landeskog and loses puck.
1:11 of 2nd period - Wrist shot by Mikko Koivu.
1:11 of 2nd period - Shot Misses the Net.
1:13 of 2nd period - Slapshot by Niklas Kronwall.
1:13 of 2nd period - Stopped by Thomas Greiss with a rebound.
2:11 of 2nd period - Slapshot by Ville Leino.
2:11 of 2nd period - Stopped by Corey Crawford with a rebound.
2:25 of 2nd period - Snap shot by Ville Leino.
2:25 of 2nd period - Shot Misses the Net.
2:27 of 2nd period - Slapshot by Matt Irwin.
2:27 of 2nd period - Shot Blocked by Slava Voynov.
3:07 of 2nd period - Wrist shot by Evgeni Malkin.
3:07 of 2nd period - Shot Misses the Net.
3:09 of 2nd period - Wrist shot by Taylor Hall.
3:09 of 2nd period - Shot Blocked by Tim Gleason.
3:11 of 2nd period - Slapshot by Taylor Hall.
3:11 of 2nd period - Goal by Taylor Hall - Flyers : 5 - Devils : 1.
3:12 of 2nd period - Bryan Little wins face-off versus Patrik Berglund in neutral zone.
3:12 of 2nd period - Evgeni Malkin is hit by Jamie McGinn and loses puck.
3:33 of 2nd period - Wrist shot by Drew Stafford.
3:33 of 2nd period - Stopped by Corey Crawford with a rebound.
3:35 of 2nd period - Slapshot by Grant Clitsome.
3:35 of 2nd period - Stopped by Corey Crawford with a rebound.
3:45 of 2nd period - Jamie McGinn is hit by Kris Letang and loses puck.
4:00 of 2nd period - Snap shot by Gabriel Landeskog.
4:00 of 2nd period - Stopped by Thomas Greiss with a rebound.
4:13 of 2nd period - Gabriel Landeskog is hit by Tim Gleason and loses puck.
4:25 of 2nd period - Off-side.
4:26 of 2nd period - Riley Nash wins face-off versus Tyler Johnson in neutral zone.
4:47 of 2nd period - Slapshot by Evgeni Malkin.
4:47 of 2nd period - Shot Blocked by Matt Irwin.
5:29 of 2nd period - Slapshot by Brent Seabrook.
5:29 of 2nd period - Stopped by Corey Crawford without a rebound.
5:30 of 2nd period - Mikko Koivu wins face-off versus Patrik Berglund in Flyers zone.
5:30 of 2nd period - Mikko Koivu is hit by Brent Seabrook.
5:36 of 2nd period - Drew Stafford is hit by Dennis Seidenberg and loses puck.
5:55 of 2nd period - Wrist shot by Mikko Koivu.
5:55 of 2nd period - Stopped by Thomas Greiss without a rebound.
5:56 of 2nd period - Martin Erat wins face-off versus Mark Letestu in Devils zone.
6:01 of 2nd period - Slapshot by P.K. Subban.
6:01 of 2nd period - Stopped by Thomas Greiss without a rebound.
6:02 of 2nd period - Mark Letestu wins face-off versus Martin Erat in Devils zone.
7:13 of 2nd period - Snap shot by Gabriel Landeskog.
7:13 of 2nd period - Shot Misses the Net.
8:23 of 2nd period - Evgeni Malkin is hit by Brent Seabrook and loses puck.
10:52 of 2nd period - Snap shot by Tyler Johnson.
10:52 of 2nd period - Shot Misses the Net.
11:08 of 2nd period - Niklas Kronwall is hit by Adam Burish and loses puck.
11:17 of 2nd period - Snap shot by Ville Leino.
11:17 of 2nd period - Shot Misses the Net.
11:19 of 2nd period - Snap shot by Adam Burish.
11:19 of 2nd period - Stopped by Corey Crawford with a rebound.
11:21 of 2nd period - Snap shot by Ville Leino.
11:21 of 2nd period - Stopped by Corey Crawford without a rebound.
11:22 of 2nd period - Mikko Koivu wins face-off versus Jay Beagle in Flyers zone.
11:47 of 2nd period - Minor Penalty to Mark Stuart for Hooking.
11:48 of 2nd period - Drew Stafford wins face-off versus Bryan Little in Devils zone.
13:47 of 2nd period - Penalty to Mark Stuart is over, Mark Stuart is back on ice.
13:52 of 2nd period - Slava Voynov is hit by Brent Seabrook and loses puck.
13:57 of 2nd period - Wrist shot by Alex Tanguay.
13:57 of 2nd period - Shot Blocked by Slava Voynov.
14:22 of 2nd period - Matt Irwin is hit by Chris Kreider.
14:23 of 2nd period - Icing by Matt Irwin.
14:24 of 2nd period - Mark Letestu wins face-off versus Jay Beagle in Devils zone.
14:52 of 2nd period - Snap shot by Ryan Jones.
14:52 of 2nd period - Stopped by Corey Crawford with a rebound.
14:54 of 2nd period - Slapshot by Tim Gleason.
14:54 of 2nd period - Stopped by Corey Crawford with a rebound.
14:56 of 2nd period - Snap shot by Tim Gleason.
14:56 of 2nd period - Shot Blocked by Kris Letang.
15:28 of 2nd period - Snap shot by Evgeni Malkin.
15:28 of 2nd period - Shot Blocked by Alex Tanguay.
15:30 of 2nd period - Slapshot by Slava Voynov.
15:30 of 2nd period - Stopped by Thomas Greiss without a rebound.
15:31 of 2nd period - Evgeni Malkin wins face-off versus Martin Erat in Devils zone.
15:36 of 2nd period - Snap shot by Riley Nash.
15:36 of 2nd period - Stopped by Thomas Greiss without a rebound.
15:37 of 2nd period - Bryan Little wins face-off versus Martin Erat in Devils zone.
15:38 of 2nd period - Snap shot by Taylor Hall.
15:38 of 2nd period - Stopped by Thomas Greiss with a rebound.
15:48 of 2nd period - Wrist shot by Ville Leino.
15:48 of 2nd period - Stopped by Corey Crawford without a rebound.
15:49 of 2nd period - Martin Erat wins face-off versus Bryan Little in Flyers zone.
16:16 of 2nd period - P.K. Subban is hit by Martin Erat and loses puck.
16:39 of 2nd period - Kris Letang is hit by Mark Stuart and loses puck.
16:54 of 2nd period - Wrist shot by Jamie McGinn.
16:54 of 2nd period - Shot Misses the Net.
17:40 of 2nd period - Mark Letestu is hit by Tim Gleason and loses puck.
18:29 of 2nd period - Major Penalty to Evgeni Malkin for Kneeing.
18:30 of 2nd period - Patrik Berglund wins face-off versus Mark Letestu in Flyers zone.
18:37 of 2nd period - Slapshot by Patrik Berglund.
18:37 of 2nd period - Shot Misses the Net.
18:39 of 2nd period - Snap shot by Brent Seabrook.
18:39 of 2nd period - Stopped by Corey Crawford without a rebound.
18:40 of 2nd period - Patrik Berglund wins face-off versus Mark Letestu in Flyers zone.
18:57 of 2nd period - Slapshot by Jamie McGinn.
18:57 of 2nd period - Shot Blocked by Dennis Seidenberg.
19:25 of 2nd period - Mark Stuart is hit by Jack Johnson and loses puck.
19:42 of 2nd period - Mark Stuart is hit by Jason Chimera and loses puck.
Goals for this period are 1 for Flyers vs 0 for Devils.
Shots for this period are 9 for Flyers vs 10 for Devils.

3rd period


0:01 of 3rd period - Jason Chimera wins face-off versus Patrik Berglund in neutral zone.
0:04 of 3rd period - Brent Seabrook is hit by Mark Letestu and loses puck.
0:23 of 3rd period - Slapshot by Patrik Berglund.
0:23 of 3rd period - Stopped by Corey Crawford without a rebound.
0:24 of 3rd period - Mark Letestu wins face-off versus Tyler Johnson in Flyers zone.
1:03 of 3rd period - Mark Letestu is hit by Mark Stuart and loses puck.
3:29 of 3rd period - Penalty to Evgeni Malkin is over, Evgeni Malkin is back on ice.
4:01 of 3rd period - Slapshot by Slava Voynov.
4:01 of 3rd period - Stopped by Thomas Greiss with a rebound.
4:03 of 3rd period - Slapshot by Slava Voynov.
4:03 of 3rd period - Deflect By Martin Erat.
4:03 of 3rd period - Stopped by Thomas Greiss without a rebound.
4:04 of 3rd period - Riley Nash wins face-off versus Jay Beagle in Devils zone.
4:21 of 3rd period - Jay Beagle is hit by Riley Nash and loses puck.
4:51 of 3rd period - Icing by Matt Irwin.
4:52 of 3rd period - Bryan Little wins face-off versus Jay Beagle in Devils zone.
5:21 of 3rd period - Wrist shot by Martin Erat.
5:21 of 3rd period - Shot Misses the Net.
5:23 of 3rd period - Snap shot by Adam Burish.
5:23 of 3rd period - Stopped by Corey Crawford with a rebound.
5:25 of 3rd period - Slapshot by Tim Gleason.
5:25 of 3rd period - Stopped by Corey Crawford without a rebound.
5:26 of 3rd period - Tyler Johnson wins face-off versus Mikko Koivu in Flyers zone.
5:44 of 3rd period - Snap shot by Tyler Johnson.
5:44 of 3rd period - Shot Misses the Net.
6:27 of 3rd period - Minor Penalty to Mark Stuart for Interference.
6:28 of 3rd period - Bryan Little wins face-off versus Drew Stafford in Devils zone.
7:12 of 3rd period - Snap shot by Jakub Voracek.
7:12 of 3rd period - Deflect By Grant Clitsome.
7:12 of 3rd period - Stopped by Thomas Greiss with a rebound.
7:14 of 3rd period - Slapshot by Slava Voynov.
7:14 of 3rd period - Deflect By Gabriel Landeskog.
7:14 of 3rd period - Goal by Gabriel Landeskog - Flyers : 6 - Devils : 1.
7:15 of 3rd period - Tyler Johnson wins face-off versus Mark Letestu in neutral zone.
7:31 of 3rd period - Snap shot by Chris Kreider.
7:31 of 3rd period - Shot Blocked by Brent Seabrook.
9:10 of 3rd period - Icing by Drew Stafford.
9:11 of 3rd period - Riley Nash wins face-off versus Patrik Berglund in Devils zone.
10:18 of 3rd period - Brent Seabrook is hit by Jakub Voracek and loses puck.
10:57 of 3rd period - Jay Beagle is hit by Jason Chimera and loses puck.
12:37 of 3rd period - Tim Gleason is hit by Jason Chimera and loses puck.
14:00 of 3rd period - Brent Seabrook is hit by Dennis Seidenberg and loses puck.
15:20 of 3rd period - Minor Penalty to Taylor Hall for Hooking.
15:21 of 3rd period - Patrik Berglund wins face-off versus Mark Letestu in Flyers zone.
15:37 of 3rd period - Snap shot by Jamie McGinn.
15:37 of 3rd period - Shot Misses the Net.
15:39 of 3rd period - Slapshot by Brent Seabrook.
15:39 of 3rd period - Deflect By Patrik Berglund.
15:39 of 3rd period - Stopped by Corey Crawford without a rebound.
15:40 of 3rd period - Mark Letestu wins face-off versus Patrik Berglund in Flyers zone.
15:45 of 3rd period - Slapshot by Jack Johnson.
15:45 of 3rd period - Stopped by Thomas Greiss with a rebound.
16:31 of 3rd period - Tyler Johnson is hit by Dennis Seidenberg and loses puck.
16:44 of 3rd period - Wrist shot by Jamie McGinn.
16:44 of 3rd period - Shot Misses the Net.
16:46 of 3rd period - Slapshot by Mark Stuart.
16:46 of 3rd period - Shot Blocked by Jason Chimera.
17:20 of 3rd period - Penalty to Taylor Hall is over, Taylor Hall is back on ice.
18:11 of 3rd period - Slapshot by Matt Irwin.
18:11 of 3rd period - Shot Misses the Net.
18:13 of 3rd period - Snap shot by Brent Seabrook.
18:13 of 3rd period - Shot Misses the Net.
18:15 of 3rd period - Slapshot by Brent Seabrook.
18:15 of 3rd period - Shot Misses the Net.
18:17 of 3rd period - Slapshot by Brent Seabrook.
18:17 of 3rd period - Shot Blocked by Jakub Voracek.
18:19 of 3rd period - Slapshot by Ryan Jones.
18:19 of 3rd period - Stopped by Corey Crawford with a rebound.
18:21 of 3rd period - Slapshot by Mark Stuart.
18:21 of 3rd period - Stopped by Corey Crawford without a rebound.
18:22 of 3rd period - Bryan Little wins face-off versus Jay Beagle in Flyers zone.
18:31 of 3rd period - Mark Stuart is hit by Bryan Little and loses puck.
18:37 of 3rd period - Off-side.
18:38 of 3rd period - Patrik Berglund wins face-off versus Bryan Little in neutral zone.
18:43 of 3rd period - Slapshot by Jamie McGinn.
18:43 of 3rd period - Shot Misses the Net.
Goals for this period are 1 for Flyers vs 0 for Devils.
Shots for this period are 5 for Flyers vs 6 for Devils.


Output by the SimonT Hockey Simulator (STHS) for Eric Dolegowski -- Original Page W3C XHTML 1.0 Valid
Hockey Simulator - Hockey Simulation - Hockey Manager